 Dungeon Crawl Stone Soup version 0.31-a0-1522-g43313d8a59 (webtiles) character file.

Game seed: 5550354745195930873

373 wildpjah the Ducker (level 6, 0/48 HPs)
             Began as a Merfolk Gladiator on Dec 30, 2023.
             Slain by a phantom (2 damage)
             ... on level 5 of the Dungeon on Dec 31, 2023.
             The game lasted 00:07:02 (2486 turns).

wildpjah the Ducker (Merfolk Gladiator)             Turns: 2486, Time: 00:07:04

Health: 0/48       AC: 16    Str: 22    XL:     6   Next: 72%
Magic:  6/6        EV: 10    Int:  8    God:
Gold:   279        SH:  0    Dex: 15    Spells: 5/5 levels left

rFire   . . .        t - +2 dagger (elec)
rCold   . . .        (no shield)
rNeg    . . .        v - +0 chain mail
rPois   .            s - +2 helmet
rElec   .            (no cloak)
rCorr   .            (no gloves)
SInv    .            m - +0 pair of boots
Will    .....        (no amulet) Stlth
                     g - +4 ring of protection
HPRegen 0.28/turn    u - +6 ring of strength
MPRegen 0.10/turn

%: no passive effects
@: lethally poisoned (0 -> -1), attractive, invisible
A: (nimble swimmer 2), mertail
a: no special abilities


You were on level 5 of the Dungeon.
You visited 1 branch of the dungeon, and saw 6 of its levels.

You collected 279 gold pieces.

Inventory:

Hand Weapons
 a - a +0 trident
 j - a +1 whip of flaming
 q - a +1 dagger of speed
 t - a +2 dagger of electrocution (weapon)
Armour
 b - a +0 leather armour
 c - a +0 helmet
 m - a +0 pair of boots (worn)
 s - a +2 helmet (worn)
 v - a +0 chain mail (worn)
Jewellery
 g - a +4 ring of protection (left hand)
 r - a +6 ring of dexterity
 u - a +6 ring of strength (right hand)
Wands
 k - a wand of flame (13) (quivered)
Scrolls
 h - 2 scrolls of teleportation {unknown}
 i - a scroll of immolation
 l - a scroll of enchant weapon {unknown}
 n - 2 scrolls of identify {unknown}
 w - a scroll of poison {unknown}
Potions
 f - a potion of attraction
 p - 2 potions of curing


   Skills:
 + Level 4.1 Fighting
 + Level 5.9 Polearms
 + Level 3.8 Throwing
 + Level 5.9 Dodging


You had 5 spell levels left.
You didn't know any spells.
Your spell library was empty.

Dungeon Overview and Level Annotations

Branches:
Dungeon (6/15)
 Temple: D:4-7

Altars:
Qazlal

Shops:
D:3 [

Annotations:
D:4 4 runed translucent doors


Innate Abilities, Weirdness & Mutations

((You are very nimble when in or above water. (Stealth+, EV+, Speed+++)))
Your lower body shifts to a powerful aquatic tail in water.


Message History

The scorpion barely misses you.
You hit the scorpion.
The scorpion is moderately wounded.
You feel very sick. The phantom hits you.
The iguana bites you but does no damage.
The scorpion barely misses you.
You hit the scorpion but do no damage. Lightning courses through the scorpion!
The scorpion is almost dead.
You feel sick. The phantom barely misses you. The scorpion misses you.
You hit the scorpion but do no damage.
The scorpion is almost dead.
You feel sick. The scorpion misses you. The phantom hits you.
* * * LOW HITPOINT WARNING * * *
The iguana closely misses you.
You catch the helpless scorpion completely off-guard!
You hit the scorpion. Lightning courses through the scorpion!
You kill the scorpion!
You feel sick. The iguana bites you.
* * * LOW HITPOINT WARNING * * *
The phantom hits you but does no damage.
Your Fighting skill increases to level 4!
You hit the iguana but do no damage.
You feel sick.
The iguana bites you but does no damage.
The phantom hits you but does no damage.
You closely miss the iguana.
You feel sick. The iguana barely misses you. The phantom hits you.
* * * LOW HITPOINT WARNING * * *
The phantom blinks!
You blink.
The iguana is attracted toward you.
You hit the phantom. You punch the phantom.
The phantom is moderately damaged.
* * * LOW HITPOINT WARNING * * *
You feel sick. The iguana closely misses you. The phantom closely misses you.
You hit the phantom.
The phantom is moderately damaged.
* * * LOW HITPOINT WARNING * * *
You feel sick.
The iguana bites you but does no damage.
The phantom hits you.
You die...

..# #######
.....#.....##
......)>....##
.....?.......#
..........l..#
...........@.#
............W#
.............#
.............#
............##
.#.....##
######


You could see a phantom (unable to see you) and an iguana (unable to see you).

Vanquished Creatures
  An orc warrior (D:6)
  A scorpion (D:5)
  3 iguanas
  4 adders (D:2)
  4 dart slugs
  2 ribbon worms
  10 orcs
  6 bats
  6 endoplasms
  A giant cockroach (D:1)
  8 hobgoblins
  3 jackals (D:2)
  3 quokkas (D:1)
  10 ball pythons
  4 frilled lizards
  10 goblins
  10 kobolds
  5 rats
91 creatures vanquished.

Notes
Turn   | Place    | Note
-------+----------+-------------------------------------------
     0 | D:1      | wildpjah the Merfolk Gladiator began the quest for the Orb.
     0 | D:1      | Reached XP level 1. HP: 16/16 MP: 1/1
   131 | D:1      | Reached XP level 2. HP: 16/23 MP: 2/2
   299 | D:1      | Found a faded altar of an unknown god.
   310 | D:1      | Reached XP level 3. HP: 24/28 MP: 3/3
   901 | D:2      | Reached XP level 4. HP: 26/34 MP: 4/4
  1230 | D:2      | Reached skill level 5 in Dodging
  1368 | D:2      | Reached skill level 5 in Polearms
  1512 | D:3      | Reached XP level 5. HP: 41/41 MP: 5/5
  1525 | D:3      | Found Afebicuj's Antique Armour Shoppe.
  1818 | D:3      | Found a stormy altar of Qazlal.
  2093 | D:4      | Found a large runed translucent door.
  2095 | D:4      | Found a large runed translucent door.
  2101 | D:4      | Found a large runed translucent door.
  2101 | D:4      | Found a large runed translucent door.
  2238 | D:4      | You fall into a shaft and drop 2 floors!
  2242 | D:6      | Noticed an orc warrior
  2265 | D:6      | Killed an orc warrior
  2266 | D:6      | Reached XP level 6. HP: 46/48 MP: 6/6
  2443 | D:6      | Noticed an ice beast
  2470 | D:5      | Entered Level 5 of the Dungeon
  2486 | D:5      | HP: 2/48 [poisoned by a scorpion]
  2486 | D:5      | Slain by a phantom

Illustrated notes

Levels and vault maps discovered:
D:1:      dpeg_arrival_brainrot, layout_rooms,
          hellmonk_ecumenical_altar_blasted, minmay_tromino_v4_c
D:2:      cheibrodos_helix_gallery, layout_basic, minmay_misc_feat_plants,
          minmay_unequal
D:3:      layout_loops_cross, mainiacjoe_overflow_brackets, serial_shops, shop
D:4:      layout_rooms, nicolae_wu_jian_wuxing_cycle, temple_green,
          ebering_ghost_gozag, chequers_arboretum, minmay_hollow_rounded_squares
D:5:      layout_rooms, amcnicky_mini_pool_small
D:6:      layout_rooms, nicolae_elemental_shop

Skill      XL: |  1  2  3  4  5  6 |
---------------+-------------------+-----
Fighting       | 3 4 |  4.1
Dodging        | 5 |  5.9
Polearms       | 5 |  5.9
Throwing       | 3 |  3.8

Action                     |  1- 3 |  4- 6 || total
---------------------------+-------+-------++-------
  Melee: Trident           |   152 |   188 ||   340
         Punch             |     2 |     1 ||     3
         Dagger            |       |    22 ||    22
  Throw: Throwing net      |       |     4 ||     4
         Javelin           |       |     1 ||     1
    Use: Potion            |       |     3 ||     3
   Stab: Sleeping          |     1 |     1 ||     2
         Invisible         |       |     1 ||     1
 Armour: Leather armour    |    64 |    73 ||   137
         Chain mail        |       |    39 ||    39
  Dodge: Dodged            |   116 |   124 ||   240

Table legend: (Time is in decaauts)
 A = Elapsed time spent in this place.
 B = Non-inter-level travel time spent in this place.
 C = Inter-level travel time spent in this place.
 D = Time resting spent in this place.
 E = Time spent auto-exploring this place.
 F = Levels seen in this place.
 G = Mean time per level.
                   A        B        C        D        E       F      G
               +--------+--------+--------+--------+--------+-----+--------+
         Total |   2498 |   2373 |    125 |      0 |   1675 |   6 |  416.3 |
       Dungeon |   2498 |   2373 |    125 |      0 |   1675 |   6 |  416.3 |
               +--------+--------+--------+--------+--------+-----+--------+

Top non-repeatable levels by time:
     D:2: 771 daAuts
     D:1: 712 daAuts
     D:3: 558 daAuts
     D:6: 230 daAuts
     D:4: 210 daAuts
     D:5: 15 daAuts
